 Dungeon Crawl Stone Soup version 0.17.1-3-g152610e (webtiles) character file.

143 Korwin the Chiller (level 5, 0/39 HPs)
             Began as a Hill Orc Ice Elementalist on Apr 13, 2016.
             Was an Initiate of Qazlal.
             Slain by a worker ant (2 damage)
             ... on level 4 of the Dungeon.
             The game lasted 00:46:48 (2689 turns).

Korwin the Chiller (Hill Orc Ice Elementalist)      Turns: 2689, Time: 00:46:48

Health: 0/39       AC:  5    Str: 11    XL:     5   Next: 25%
Magic:  7/8        EV: 12    Int: 15    God:    Qazlal [......]
Gold:   78         SH:  0    Dex: 12    Spells: 1 memorised, 7 levels left

rFire  . . .     SeeInvis .     e - +0 dagger
rCold  . . .     Clarity  .     n - +0 leather armour
rNeg   . . .     SustAt   +     (no shield)
rPois  .         Gourm    .     (no helmet)
rElec  .         Spirit   .     A - +1 cloak
rCorr  .         Warding  .     (no gloves)
rMut   .         Stasis   .     (no boots)
MR     .....                    (no amulet)
Stlth  +++.......               s - ring of sustain attributes
                                r - ring of stealth

@: lethally poisoned (0 -> -2), very slightly contaminated, not resistant to
hostile enchantments, fairly stealthy
A: no striking features
a: Renounce Religion


You were on level 4 of the Dungeon.
You worshipped Qazlal.
Qazlal was noncommittal.
You were not hungry.

You visited 1 branch of the dungeon, and saw 4 of its levels.

You collected 78 gold pieces.

Inventory:

Hand Weapons
 e - a +0 dagger (weapon)
 k - a +0 whip
 o - a +0 dagger
 x - a +0 mace
 B - a +0 short sword
Missiles
 l - 14 poisoned needles
 q - 3 tomahawks (quivered)
 u - 32 arrows
 C - 17 bolts
Armour
 d - a +0 leather armour
 n - a +0 leather armour (worn)
 y - a +0 robe of magic resistance
 A - a +1 cloak (worn)
Jewellery
 r - a ring of stealth (left hand)
 s - a ring of sustain attributes (right hand)
 F - a +3 ring of evasion {unknown}
Scrolls
 c - a scroll of fog {unknown}
 g - 2 scrolls of random uselessness
 h - a scroll of enchant armour {unknown}
 i - a scroll of identify
 p - 4 scrolls of remove curse
 t - a scroll of amnesia {unknown}
 D - a scroll of magic mapping {unknown}
Potions
 f - a potion of heal wounds {unknown}
 w - a potion of magic {unknown}
 z - a potion of haste
 E - 2 potions of brilliance {unknown}
Books
 b - a book of Frost

   Spells                             Type                      Level
   a - Freeze                         Ice                          1
   b - Throw Frost                    Conjuration/Ice              2
   c - Ozocubu's Armour               Charms/Ice                   3
   d - Throw Icicle                   Conjuration/Ice              4
   e - Summon Ice Beast               Ice/Summoning                4
   f - Condensation Shield            Ice                          4
Comestibles
 a - 2 bread rations
 v - 5 meat rations


   Skills:
 + Level 0.8 Fighting
 + Level 1.8 Armour
 + Level 2.1 Dodging
 + Level 2.0 Stealth
 + Level 2.4 Spellcasting
   Level 1.0 Conjurations
 + Level 3.6 Ice Magic


You had 7 spell levels left.
You knew the following spells:

 Your Spells              Type           Power        Failure   Level  Hunger
a - Freeze                Ice            ##..         10%         1    #......


Dungeon Overview and Level Annotations

Branches:
Dungeon (4/15)
 Temple: D:4-7

Altars:
Dithmenos
Nemelex Xobeh
Qazlal


Message History

The worker ant is moderately wounded.
The worker ant bites you.
* * * LOW HITPOINT WARNING * * *
You are poisoned.
The worker ant poisons you!
Read which item? (? for menu, Esc to quit)
As you read the scroll of teleportation, it crumbles to dust.
You feel strangely stable.
You feel sick. The worker ant barely misses you.
You feel sick. The worker ant bites you.
* * * LOW HITPOINT WARNING * * *
* * * LOW HITPOINT WARNING * * *
You feel sick.
* * * LOW HITPOINT WARNING * * *
You feel sick. The worker ant closely misses you.
* * * LOW HITPOINT WARNING * * *
You feel sick. The worker ant bites you.
You die...

#.....#
...
#.....#
#.....#
#.....#
###...#
#...#
#.O.#
#.a.#
#.@.#
#...#
#...#
#....
#.....
#......
'.......
#########


You could see an ogre and a worker ant.

Vanquished Creatures
  A hound (D:4)
  Terence (D:2)
  A worker ant (D:4)
  An adder (D:3)
  A worm (D:2)
  2 giant geckos (D:2)
  An orc (D:4)
  5 giant cockroaches
  6 goblins
  4 hobgoblins
  7 jackals
  3 kobolds
  7 bats
  3 giant newts
  6 rats
49 creatures vanquished.

Notes
Turn   | Place    | Note
--------------------------------------------------------------
     0 | D:1      | Korwin the Hill Orc Ice Elementalist began the quest for the Orb.
     0 | D:1      | Reached XP level 1. HP: 14/14 MP: 3/3
   356 | D:1      | Reached XP level 2. HP: 20/20 MP: 1/4
   992 | D:2      | Reached XP level 3. HP: 23/26 MP: 6/6
  1008 | D:2      | Noticed Terence
  1021 | D:2      | Killed Terence
  1021 | D:2      | Reached skill level 1 in Armour
  1021 | D:2      | Reached skill level 3 in Ice Magic
  1116 | D:2      | Found a stormy altar of Qazlal.
  1124 | D:2      | Became a worshipper of Qazlal Stormbringer
  1298 | D:2      | Reached XP level 4. HP: 25/34 MP: 4/7
  1463 | D:3      | Found a sparkling altar of Nemelex Xobeh.
  1699 | D:3      | Found a shadowy altar of Dithmenos.
  2358 | D:4      | Reached XP level 5. HP: 29/39 MP: 0/8
  2663 | D:4      | Noticed an ogre
  2689 | D:4      | Slain by a worker ant

Action                   |  1- 3 |  4- 6 || total
-------------------------+-------+-------++-------
Melee: Dagger            |   116 |    31 ||   147
 Cast: Freeze            |    29 |    39 ||    68
  Use: Scroll            |       |     7 ||     7
 Stab: Sleeping          |     2 |     3 ||     5
  Eat: Chunk             |     1 |       ||     1
       Pizza             |     1 |       ||     1
       Bread ration      |       |     1 ||     1
